 Dungeon Crawl Stone Soup version 0.24-a0-525-g9231cdc (webtiles) character file.

Game seed: 17816962766264009004

2067 Dracunculus the Cleaver (level 9, -3/61 HPs)
             Began as a Demonspawn Gladiator on Aug 3, 2019.
             Was a Follower of Qazlal.
             Slain by a wyvern (6 damage)
             ... on level 7 of the Dungeon.
             The game lasted 00:17:44 (6693 turns).

Dracunculus the Cleaver (Demonspawn Gladiator)      Turns: 6693, Time: 00:17:44

Health: -3/61      AC: 16    Str: 21    XL:     9   Next: 5%
Magic:  0/12       EV:  8    Int: 13    God:    Qazlal [*.....]
Gold:   321        SH:  2    Dex: 10    Spells: 6/8 levels left

rFire    . . .     SeeInvis +   i - +1 quarterstaff of the Scroll {speed, Str+3 Int+3 Dex-4 SInv} (curse)
rCold    . . .     Gourm    .   (shield currently unavailable)
rNeg     . . .     Faith    .   g - +0 chain mail
rPois    .         Spirit   +   c - +1 helmet
rElec    .         Reflect  .   (no cloak)
rCorr    .         Harm     .   (no gloves)
MR       .....                  h - +1 pair of boots
Stlth    ..........             (no amulet)
HPRegen  0.20/turn              t - ring of see invisible
MPRegen  0.13/turn              u - ring of wizardry

@: lightly drained
A: talons 1, molten scales 1, powered by pain 2, magic shield
a: Renounce Religion


You were on level 7 of the Dungeon.
You worshipped Qazlal.
Qazlal was aware of your devotion.
You were not hungry.

You visited 2 branches of the dungeon, and saw 8 of its levels.
You also visited: Sewer.

You collected 321 gold pieces.

Inventory:

Hand Weapons
 a - a +0 war axe
 i - the cursed +1 quarterstaff of the Scroll (weapon) {speed, Str+3 Int+3 Dex-4 SInv}
   (You found it on level 6 of the Dungeon)

   Attacks with this weapon are significantly faster.
   It affects your strength (+3).
   It affects your intelligence (+3).
   It affects your dexterity (-4).
   It lets you see invisible.
   It has a curse placed upon it.
Missiles
 d - 4 throwing nets (quivered)
 q - 5 datura-tipped darts
 x - 3 atropa-tipped darts
Armour
 c - a +1 helmet (worn)
 g - a +0 chain mail (worn)
 h - a +1 pair of boots (worn)
Jewellery
 t - a ring of see invisible (left hand)
 u - a ring of wizardry (right hand)
Scrolls
 n - 7 scrolls of teleportation
 o - 2 scrolls of amnesia
 w - 2 scrolls of random uselessness {unknown}
Potions
 b - a potion of might
 e - 4 potions of curing
 j - 2 potions of cancellation
 k - 2 potions of heal wounds
 l - 2 potions of flight
 m - 3 potions of brilliance
 s - a potion of ambrosia
Comestibles
 f - 8 rations


   Skills:
 - Level 2.0(1.8) Fighting
 * Level 8.2(8.0) Axes
 - Level 1.7(1.6) Throwing
 + Level 5.2(5.0) Armour
 - Level 2.6(2.5) Dodging
 + Level 3.9(3.7) Translocations
 + Level 4.9(4.7) Invocations


You had 6 spell levels left.
You knew the following spells:

 Your Spells              Type           Power        Failure   Level  Hunger
a - Blink                 Tloc           N/A          32%         2    ###....

Your spell library contained the following spells:

 Spells                   Type           Power        Failure   Level  Hunger
 Corona                   Hex            #......      69%         1    ##.....
 Magic Dart               Conj           #...         69%         1    ##.....
 Shock                    Conj/Air       #...         69%         1    ##.....
 Call Imp                 Summ           #.......     82%         2    ###....
 Ensorcelled Hibernation  Hex/Ice        #.....       82%         2    ###....
 Slow                     Hex            #.......     82%         2    ###....
 Swiftness                Chrm/Air       #.......     82%         2    ###....
 Confuse                  Hex            #.......     95%         3    ####...
 Conjure Flame            Conj/Fire      #.......     95%         3    ####...
 Dazzling Spray           Conj/Hex       #.....       95%         3    ####...
 Mephitic Cloud           Conj/Pois/Air  #.......     95%         3    ####...
 Static Discharge         Conj/Air       #.......     95%         3    ####...
 Tukima's Dance           Hex            #.......     95%         3    ####...
 Airstrike                Air            #.........   100%        4    #####..
 Lightning Bolt           Conj/Air       #.........   100%        5    ######.


Dungeon Overview and Level Annotations

Branches:
Dungeon (7/15)             Temple (1/1) D:4

Altars:
Ashenzari
Cheibriados
Dithmenos
Fedhas
Gozag
Hepliaklqana
Kikubaaqudgha
Makhleb
Okawaru
Qazlal
Ru
Sif Muna
Trog
Uskayaw
Vehumet
Xom
Yredelemnul
Zin
The Shining One


Innate Abilities, Weirdness & Mutations

You have sharp toenails.
You are partially covered in molten scales. (AC +2)
You sometimes gain power by taking damage.
When hurt, damage is shared between your health and your magic reserves.


Message History

The orc priest is severely wounded.
The orc priest is flash-frozen.
You can no longer call upon nature to destroy your foes.
The orc priest calls upon Beogh to heal the orc warrior.
The orc warrior is healed somewhat.
Okay, then.
Unknown command.
The orc priest invokes the aid of Beogh against you.
Beogh smites you!
* * * LOW HITPOINT WARNING * * *
The orc priest casts a cantrip, but nothing happens.
The orc priest looks satisfied for a moment.
The wyvern hisses menacingly.
The wyvern bites you!
* * * LOW HITPOINT WARNING * * *
Unknown command.
The wyvern barely misses you.
As you read the scroll of fog, it crumbles to dust.
The scroll dissolves into smoke.
The wyvern bites you!
You die...

#.#.....................
#########.......................
#..........................#.#.#
####l####o###...................
#.# #.# #...##...........#
#.####.###...##..#.<......#
#......o.W.§§.§...........#
#.####..##.§§§.........#†.#
#.......##§l@§§..#.###.#..#
#######>...§§§...#.# #.#..#
##.###...§..#.# #.#..#
#.............# #.#..#
#÷.........#### #.#.##
#.####.#.#.######.#.#
#.#...............###
####.####.#.########.#
#.........###


You could see a phantom, a wyvern and an orc priest.

Vanquished Creatures
  Sigmund (D:3)
  A water moccasin (D:7)
  A sky beast (D:5)
  A phantom (D:7)
  3 ogres
  A big kobold (D:7)
  2 scorpions (D:6)
  A water moccasin skeleton (D:6)
  5 wights (D:6)
  2 howler monkeys (D:7)
  2 crimson imps
  A bullfrog zombie (D:6)
  2 hounds (D:4)
  4 orc priests
  2 bullfrog skeletons
  3 iguanas
  6 orc wizards
  A worker ant (D:4)
  2 worker ant zombies
  9 adders
  A gnoll (D:2)
  3 oozes
  An adder zombie (D:6)
  An adder skeleton (D:4)
  A dart slug (D:2)
  3 worms (D:2)
  6 leopard geckos
  16 orcs
  4 ball pythons
  12 bats
  10 giant cockroaches
  8 hobgoblins
  18 jackals
  2 quokkas (D:6)
  6 frilled lizards
  9 goblins
  23 kobolds
  A leopard gecko skeleton (D:6)
  11 rats
  4 plants (Sewer)
190 creatures vanquished.

Notes
Turn   | Place    | Note
-------+----------+-------------------------------------------
     0 | D:1      | Dracunculus the Demonspawn Gladiator began the quest for
                  | the Orb.
     0 | D:1      | Reached XP level 1. HP: 16/16 MP: 1/1
   104 | D:1      | Reached skill level 3 in Axes
   277 | D:1      | Gained mutation: When hurt, damage is shared between your
                  | health and your magic reserves. [demonic ancestry]
   277 | D:1      | Reached XP level 2. HP: 22/22 MP: 2/2
   308 | D:1      | Reached skill level 1 in Armour
   434 | D:1      | Gained mutation: You sometimes gain a little power by
                  | taking damage. [demonic ancestry]
   434 | D:1      | Reached XP level 3. HP: 27/27 MP: 3/3
   908 | D:2      | Found a snail-covered altar of Cheibriados.
   909 | D:2      | Found a blossoming altar of Fedhas.
   910 | D:2      | Found a bloodstained altar of Trog.
  1029 | D:2      | Reached skill level 4 in Axes
  1077 | D:2      | Reached XP level 4. HP: 16/33 MP: 4/4
  1830 | D:3      | Noticed Sigmund
  1855 | D:3      | Killed Sigmund
  1855 | D:3      | Reached skill level 5 in Axes
  1855 | D:3      | Reached XP level 5. HP: 26/38 MP: 2/5
  1881 | D:3      | Reached XP level 6. HP: 32/44 MP: 3/6
  1889 | D:3      | Found a shimmering altar of Xom.
  1893 | D:3      | Found a glowing golden altar of the Shining One.
  2098 | D:3      | Found a burning altar of Makhleb.
  2581 | D:4      | Learned a level 2 spell: Blink
  2584 | D:4      | Found an opulent altar of Gozag.
  2647 | D:4      | Found a staircase to the Ecumenical Temple.
  2820 | D:4      | Reached skill level 6 in Axes
  2820 | D:4      | Reached skill level 1 in Translocations
  2820 | D:4      | Gained mutation: You are partially covered in molten
                  | scales. (AC +2) [demonic ancestry]
  2820 | D:4      | Reached XP level 7. HP: 17/50 MP: 7/7
  2889 | D:4      | Found a glowing drain.
  2903 | Sewer    | Entered a sewer
  4223 | Temple   | Entered the Ecumenical Temple
  4279 | Temple   | Became a worshipper of Qazlal Stormbringer
  4357 | D:5      | Entered Level 5 of the Dungeon
  4478 | D:5      | Reached skill level 1 in Invocations
  4967 | D:5      | Reached * piety under Qazlal
  4967 | D:5      | Gained mutation: You have sharp toenails. [demonic
                  | ancestry]
  4967 | D:5      | Reached XP level 8. HP: 9/56 MP: 2/9
  5406 | D:6      | Got a slimy quarterstaff
  5407 | D:6      | Identified the cursed +1 quarterstaff of the Scroll {speed,
                  | Str+3 Int+3 Dex-4 SInv} (You found it on level 6 of the
                  | Dungeon)
  5497 | D:6      | Reached skill level 7 in Axes
  6338 | D:7      | Reached skill level 5 in Armour
  6356 | D:7      | Reached skill level 8 in Axes
  6596 | D:7      | Gained mutation: You sometimes gain power by taking damage.
                  | [demonic ancestry]
  6596 | D:7      | Reached XP level 9. HP: 53/61 MP: 8/12
  6613 | D:7      | Reached ** piety under Qazlal
  6690 | D:7      | HP: 3/61 [wyvern (8)]
  6693 | D:7      | Slain by a wyvern

Levels and vault maps discovered:
D:1:      minmay_arrival_cross, layout_loops_ring
D:2:      minmay_recursive_quarters, layout_loops_ring,
          chequers_temple_overflow_statue_of_worship
D:3:      layout_rooms, grunt_temple_overflow_open, first_ration, uniq_sigmund
D:4:      layout_basic, grunt_gozag_breadcrumbs, temple_pool_b,
          gup_sewer_entry_bubbles
D:5:      layout_rooms, serial_corexii_hall, corexii_hall_statues_x,
          chequers_hall_statues_corner_a
D:6:      layout_basic, kennysheep_generic_room_5
D:7:      layout_basic
Temple:   regret_index_temple_waves

Skill      XL: |  1  2  3  4  5  6  7  8 |
---------------+-------------------------+-----
Axes           | 3 4 5 6 8 |  8.2
Armour         | 1 2 3 4 5 |  5.2
Translocations | 1 2 3 |  3.9
Invocations    | 2 4 |  4.9
Fighting       | |  2.0
Throwing       | |  1.7
Dodging        | |  2.6

Action                   |  1- 3 |  4- 6 |  7- 9 || total
-------------------------+-------+-------+-------++-------
Melee: War axe           |   113 |   179 |   265 ||   557
       Quarterstaff      |       |       |   261 ||   261
Throw: Throwing net      |       |     3 |       ||     3
Invok: Upheaval          |       |       |     1 ||     1
  Use: Scroll            |       |     6 |    10 ||    16
       Potion            |       |     2 |     3 ||     5
  Eat: Chunk             |     1 |     5 |    11 ||    17
       Ration            |       |       |     1 ||     1
Armor: Chain mail        |    84 |   104 |   273 ||   461
       Leather armour    |     1 |       |       ||     1
Dodge: Dodged            |    50 |    80 |   159 ||   289
Block: Other             |       |       |    11 ||    11

Table legend:
 A = Non-vault XP
 B = Vault XP
 C = Vault XP percentage of total XP
 D = Non-vault monster count
 E = Vault monster count
 F = Vault count percentage of total count
                 A         B        C        D         E       F
            +---------+---------+-------+---------+---------+-------
      Total |    2504 |     449 |  15.2 |     146 |      40 |  21.5
            +---------+---------+-------+---------+---------+-------
        D:1 |      45 |       0 |   0.0 |      23 |       0 |   0.0
        D:2 |      67 |      39 |  36.8 |      29 |       8 |  21.6
        D:3 |     149 |     223 |  59.9 |      20 |       1 |   4.8
        D:4 |     328 |      24 |   6.8 |      15 |       7 |  31.8
        D:5 |     516 |       0 |   0.0 |      20 |       0 |   0.0
        D:6 |     845 |     119 |  12.3 |      25 |       3 |  10.7
        D:7 |     554 |       0 |   0.0 |      14 |       0 |   0.0
      Sewer |       0 |      44 | 100.0 |       0 |      21 | 100.0
            +---------+---------+-------+---------+---------+-------
